Unix NetHack Version 3.7.0-101 Work-in-progress - last build Mar 4 2024 02:26:32 (3c4ac04b664b9ee0831c739617f054b5b60dbfd1,branch:master). Game began 2024-03-16 23:09:23, ended 2024-03-16 23:32:35. finitelycraig, chaotic female elven Priestess --- ---- ---- --- -----.-- |..-- -..--..-- |......--- |...------- --- .......| |........| -....|...| --..-- -----.......-- ---......-- |..|.*...| |.....- ---..|.........-- |.......-- |-.|.....-- ------ .....--- |...............| ----.....| --.........| |....--- --- -.....----------- |...............| --....| |.....--.|.| ......| |. -......--.--...|------..........---- --...-- |.....-|.---- .....| |.-- |..............--.|.-|.....--.--- |.i..| --.....|....-----...- --..-- |....(...............#......-------- ---.@.-- ----...--.)........----..<.#####..................#.#-#.........--- --..G..-- |..----.------...........-----....-...........#..##...#-#---..)-- |.......| --.| --- --...------........^.....#--.......--|.--- -#..-...--#.......| |.--- --.......-#-----................---- -.| #................-- --...| |....^....................##-#....... .| |................- |....| --.............*.................------- --......|.........| |^...| ---..............--......--#---.. |....#---.......-- --..-- ---.---.....----|....--- ..| --.--- ---.---.| ---- --- --.---- ---.-- --- -- --- --- --- --- Finitelycraig the Acolyte St:14 Dx:9 Co:16 In:10 Wi:20 Ch:7 Chaotic Dlvl:3 $:57 HP:0(31) Pw:2(33) AC:5 Xp:4/141 T:2831 Latest messages: You feel better. The dwarf swings his pick-axe. The dwarf hits! You miss the dwarf. The dwarf swings his pick-axe. The dwarf hits! In what direction? You feel better. The dwarf swings his pick-axe. The dwarf hits! The gnome picks up an uncursed crossbow bolt. You don't have enough energy to cast that spell. Are you waiting to get hit? Use 'm' prefix to force a no-op (to rest). You hear a chugging sound. A little dart shoots out at you! You are hit by a little dart. You kill the gnome! You hit the gnome lord! The gnome lord swings his bow. The gnome lord hits! The gnome picks up an uncursed crossbow. The gnome picks up 10 uncursed crossbow bolts. You feel your magical energy drain away! The gnome wields an uncursed crossbow! You climb up the stairs. The hobbit throws a dagger! You are hit by a dagger. You hear some noises in the distance. You don't have enough energy to cast that spell. You hit the hobbit! You kill the hobbit! The homunculus misses! The homunculus misses! You hear some noises in the distance. The homunculus bites! The homunculus misses! The gnome wields an uncursed dagger! The gnome thrusts his dagger. The gnome hits! You miss the gnome. The homunculus bites! The gnome thrusts his dagger. The gnome misses! In what direction? The magical energy is released! The gnome looks better. The homunculus misses! The gnome thrusts his dagger. The gnome hits! You die... Inventory: Coins ('$') $ - 57 gold pieces Weapons (')') F - 4 uncursed +0 daggers j - 2 uncursed +0 orcish daggers a - a blessed +1 mace (weapon in left hand) Armor ('[') p - an uncursed +0 pair of gauntlets of dexterity (at the ready) A - an uncursed +0 pair of elven boots (being worn) c - an uncursed +0 small shield (being worn) C - an uncursed +0 dwarvish cloak b - an uncursed +0 robe (being worn) q - a blessed +0 leather jacket (being worn) Comestibles ('%') f - an uncursed sprig of wolfsbane G - a cursed egg Scrolls ('?') u - an uncursed scroll of amnesia l - an uncursed scroll of enchant armor r - a cursed scroll of gold detection s - an uncursed scroll of remove curse z - an uncursed scroll of teleportation Spellbooks ('+') H - an uncursed spellbook of drain life g - a blessed spellbook of healing v - an uncursed spellbook of healing h - an uncursed spellbook of light x - an uncursed spellbook of sleep Potions ('!') y - 2 blessed potions of healing m - an uncursed potion of paralysis d - 4 potions of holy water Wands ('/') E - an uncursed wand of light (0:12) Tools ('(') i - an uncursed wooden flute D - an uncursed mirror t - an uncursed towel Gems/Stones ('*') w - an uncursed worthless piece of violet glass Finitelycraig the Priestess's attributes: Background: You were an Acolyte, a level 4 elven Priestess. You were chaotic, on a mission for Loki who was opposed by Tyr (lawful) and Odin (neutral). You were left-handed. You were in the Gnomish Mines, on level 3. You entered the dungeon 2831 turns ago. It was nighttime. You had 141 experience points, 19 more were needed to attain level 5. Basics: You had 0 out of 31 hit points. You had 2 out of 33 energy points (spell power). Your armor class was 5. Your wallet contained 57 zorkmids. Autopickup was on for '$?!"=/*', with exceptions. Final Characteristics: Your strength was 14 (limit:18). Your dexterity was 9 (limit:18). Your constitution was 16 (limit:16). Your intelligence was 10 (limit:20). Your wisdom was 20 (limit:20). Your charisma was 7 (limit:18). Final Status: You weren't hungry. You were unencumbered. You were wielding a mace. You had basic skill with mace. Final Attributes: You were piously aligned. You were sleep resistant. You were telepathic. You had infravision. You were stealthy. You were guarded. You are dead. Miscellaneous: You disabled loading of bones levels. Total elapsed playing time was 23 minutes and 12 seconds. Major events: Turn 1: finitelycraig the chaotic elven Priestess entered the dungeon 374: entered the Gnomish Mines 2089: found Grimtooth in a shop 2151: attained the rank of Acolyte (level 3) 2831: killed by a gnome Vanquished creatures: a shrieker 2 gnome leaders a floating eye 2 dwarves a homunculus a wererat 2 iguanas 2 acid blobs 2 coyotes a gas spore 4 hobbits 2 manes a giant rat a yellow mold a green mold 12 gnomes a gnome zombie 2 geckos 3 jackals a fox 5 goblins a grid bug 2 lichens 10 newts 61 creatures vanquished. No species were genocided or became extinct. Voluntary challenges: You were illiterate. You never engraved Elbereth. You never genocided any monsters. You never polymorphed an object. You never changed form. You used no wishes. Achievements: You entered the Gnomish Mines. You entered a shop. You attained the rank of Acolyte. The Dungeons of Doom: levels 1 to 5 Level 1: Level 2: A fountain. Stairs down to The Gnomish Mines. Level 3: "vault" Some fountains, a sink. Level 4: Level 5: "throne" The Gnomish Mines: levels 3 to 4 Level 3: <- You were here. Final resting place for you, killed by a gnome. Level 4: Game over: ---------- / \ / REST \ / IN \ / PEACE \ / \ | finitelycraig | | 57 Au | | killed by a | | gnome | | | | | | 2024 | *| * * * | * _________)/\\_//(\/(/\)/\//\/|_)_______ Goodbye finitelycraig the Priestess... You died in The Gnomish Mines on dungeon level 3 with 816 points, and 57 pieces of gold, after 2831 moves. You were level 4 with a maximum of 31 hit points when you died.